 Dungeon Crawl Stone Soup version 0.21-a0-178-g0b87683 (webtiles) character file.

1603 Gorglomux the Fighter (level 8, -1/75 HPs)
             Began as a Hill Orc Earth Elementalist on Aug 9, 2017.
             Slain by an orc warrior
             ... wielding a +0 halberd
              (8 damage)
             ... on level 6 of the Dungeon.
             The game lasted 00:23:17 (8774 turns).

Gorglomux the Fighter (Hill Orc Earth Elementalist) Turns: 8774, Time: 00:23:19

Health: -1/75      AC:  5    Str: 13    XL:     8   Next: 94%
Magic:  10/10      EV:  2    Int: 15    God:
Gold:   253        SH:  0    Dex: -7 (11) Spells: 9/10 levels left

rFire    . . .     SeeInvis +   a - +1 dagger (venom)
rCold    + . .     Gourm    .   j - +0 buckler
rNeg     . . .     Faith    .   c - +0 robe
rPois    .         Spirit   .   (no helmet)
rElec    .         Reflect  .   (no cloak)
rCorr    .         Harm     .   (no gloves)
MR       .....                  (no boots)
Stlth    ..........             (no amulet)
HPRegen  0.22/turn              W - ring of Xom's Condemnation {rC+ AC+3}
MPRegen  0.12/turn              s - ring of see invisible

@: very slightly contaminated, hasted and slowed, lost dexterity, invisible
A: no striking features
a: no special abilities


You were on level 6 of the Dungeon.
You were hungry.

You visited 2 branches of the dungeon, and saw 7 of its levels.
You also visited: Sewer.

You collected 253 gold pieces.

Inventory:

Hand Weapons
 a - a +1 dagger of venom (weapon)
 b - a +0 hunting sling
 q - a +0 blowgun
 u - a +0 hand axe
Missiles
 m - 4 javelins (quivered)
 p - 2 sling bullets
 r - 4 curare-tipped needles
 Z - a throwing net
Armour
 c - a +0 robe (worn)
 j - a +0 buckler (worn)
Jewellery
 s - a ring of see invisible (right hand)
 J - a cursed ring of wizardry {unknown}
 W - the ring of Xom's Condemnation (left hand) {rC+ AC+3}
   (You found it on level 6 of the Dungeon)

   [ring of protection]

   It affects your AC (+3).
   It protects you from cold.
Scrolls
 i - 2 scrolls of enchant armour
 l - a scroll of recharging
 v - 2 scrolls of enchant weapon
 B - 2 scrolls of blinking
 I - a scroll of amnesia {unknown}
 M - a scroll of magic mapping
 N - 2 scrolls of fog {unknown}
 R - 4 scrolls of identify
 S - a scroll of remove curse
 T - 4 scrolls of teleportation
 V - a scroll of immolation
Potions
 h - a potion of flight
 K - a potion of lignification {unknown}
 L - a potion of mutation {!q}
 Q - 3 potions of curing
 Y - a potion of berserk rage
Books
 e - a book of Geomancy

   Spells                             Type                      Level
   a - Sandblast                      Earth                        1
   b - Passwall                       Transmutation/Earth          2
   c - Stone Arrow                    Conjuration/Earth            3
   d - Petrify                        Transmutation/Earth          4
   e - Lee's Rapid Deconstruction     Earth                        5
Comestibles
 d - 6 bread rations
 t - 3 royal jellies
 z - a meat ration
 U - a chunk of flesh
 X - 5 fruits


   Skills:
 + Level 8.4 Fighting
 + Level 7.7 Axes
 + Level 2.1 Armour
 - Level 1.5 Dodging
 - Level 1.5 Stealth
 - Level 5.5 Shields
 - Level 1.5 Spellcasting
   Level 0.6 Transmutations
 - Level 3.0 Earth Magic


You had 9 spell levels left.
You knew the following spells:

 Your Spells              Type           Power        Failure   Level  Hunger
a - Sandblast             Erth           ##....       7%          1    ##.....


Dungeon Overview and Level Annotations

Branches:
Dungeon (6/15)             Temple (1/1) D:6

Altars:
Ashenzari
Cheibriados
Dithmenos
Fedhas
Gozag
Kikubaaqudgha
Makhleb
Nemelex Xobeh
Qazlal
Sif Muna
Trog
Uskayaw
Vehumet
Wu Jian
Xom
Yredelemnul
The Shining One


Message History

An orc comes into view! It is wielding a flail of protection!
The butt warrior shouts!!!
The orc shouts!!!
You annihilate the scorpion!!!
The centaur shoots an arrow!
The arrow hits the orc!
The orc dies!!!
The orc moves out of view!
The orc warrior hits you with a halberd!!!
The centaur shoots an arrow!
The arrow hits the orc warrior!
You see here 3 arrows!
You barely miss the orc warrior!
The orc warrior is lightly wounded!
The orc warrior hits you with a halberd!!!
Unknown command!
You feel yourself speed up!
The centaur shoots an arrow!
The arrow hits you!!! * * * don't die
* * * The orc warrior barely misses you!
The centaur shoots an arrow!
The arrow hits you! * * * don't die
* * * The orc warrior hits you with a halberd!!! rip

#....§# ###.....
#...._.. #.# ... #.# ...
#.# #.# ## #.# #.###....
#######@###(..o...o
......†(o.(o############
.#####.c##### ##.....
#.## #..#### #.# #.#
##.## #.# #.# ##..# ###
#.# #.# ##..## #.. #.#
#.# ##..## ##.# #.# #.#
##..#####..#


You could see an orc warrior, a centaur and an orc (wandering).

Vanquished Creatures
  A hippogriff (D:5)
  A sky beast (D:5)
  A phantom (D:6)
  An ice beast (D:5)
  2 centaurs
  2 big kobolds (Sewer)
  3 scorpions
  A howler monkey (D:5)
  2 crimson imps
  A quasit (D:5)
  2 orc priests (D:5)
  A hound (D:5)
  A jelly (D:5)
  3 orc wizards
  A worker ant (D:4)
  3 gnolls (D:5)
  13 adders
  A shadow imp (D:5)
  5 oozes
  3 adder skeletons
  An adder zombie (D:4)
  11 worms
  4 dart slugs
  5 leopard geckos
  26 orcs
  5 bats
  10 giant cockroaches
  7 goblins
  9 hobgoblins
  8 jackals
  12 kobolds
  3 quokkas
  4 ball pythons
  6 frilled lizards
  A leopard gecko skeleton (D:6)
  A quokka zombie (D:5)
  13 rats
174 creatures vanquished.

Vanquished Creatures (others)
  An orc (D:6)
1 creature vanquished.

Grand Total: 175 creatures vanquished

Notes
Turn   | Place    | Note
-------+----------+-------------------------------------------
     0 | D:1      | Gorglomux the Hill Orc Earth Elementalist began the quest for the Orb.
     0 | D:1      | Reached XP level 1. HP: 14/14 MP: 3/3
   139 | D:1      | Reached skill level 1 in Fighting
   216 | D:1      | Reached XP level 2. HP: 18/24 MP: 1/4
   336 | D:1      | Reached skill level 2 in Fighting
   844 | D:1      | Reached skill level 3 in Fighting
   847 | D:1      | Reached XP level 3. HP: 25/31 MP: 2/5
  1389 | D:2      | Reached skill level 4 in Fighting
  1457 | D:2      | Reached XP level 4. HP: 40/40 MP: 6/6
  1514 | D:2      | Found a snail-covered altar of Cheibriados.
  1892 | D:2      | Reached skill level 1 in Axes
  2046 | D:2      | Found an ancient bone altar of Kikubaaqudgha.
  2049 | D:2      | Found a blossoming altar of Fedhas.
  2790 | D:3      | Found a sparkling altar of Nemelex Xobeh.
  2866 | D:3      | Reached XP level 5. HP: 47/47 MP: 4/7
  2892 | D:3      | Found a glowing golden altar of the Shining One.
  3167 | D:4      | Reached skill level 5 in Fighting
  3167 | D:4      | Reached skill level 1 in Shields
  3441 | D:4      | Found an opulent altar of Gozag.
  4147 | D:4      | Reached skill level 3 in Axes
  4242 | D:4      | Reached XP level 6. HP: 53/56 MP: 8/8
  4495 | D:5      | Entered Level 5 of the Dungeon
  4511 | D:5      | Noticed a sky beast
  4547 | D:5      | Killed a sky beast
  4780 | D:5      | Reached skill level 6 in Fighting
  4855 | D:5      | HP: 2/57 [scorpion (3)]
  4891 | D:5      | Reached skill level 3 in Shields
  4891 | D:5      | Reached XP level 7. HP: 14/63 MP: 3/9
  5079 | D:5      | Found a glowing drain.
  5124 | Sewer    | Entered a sewer
  6281 | D:5      | Reached skill level 7 in Fighting
  6302 | D:5      | Reached XP level 8. HP: 31/73 MP: 1/10
  6633 | D:5      | Noticed a hippogriff
  6747 | D:5      | Killed a hippogriff
  6747 | D:5      | Reached skill level 6 in Axes
  6775 | D:3      | Found an ornate altar of the Wu Jian Council.
  6775 | D:3      | Found a radiant altar of Vehumet.
  7934 | D:6      | Reached skill level 8 in Fighting
  8039 | D:6      | Reached skill level 1 in Armour
  8105 | D:6      | Found a staircase to the Ecumenical Temple.
  8180 | Temple   | Entered the Ecumenical Temple
  8299 | D:6      | Lost dexterity.
  8310 | D:6      | Got a brightly glowing pewter ring
  8311 | D:6      | Identified the ring of Xom's Condemnation {rC+ AC+3} (You found it on level 6 of the Dungeon)
  8758 | D:6      | Found a stormy altar of Qazlal.
  8774 | D:6      | Slain by an orc warrior

Vault maps used:
D:1:      tarquinn_simple_flora_water_f, minmay_crystal_room
D:2:      grunt_temple_overflow_growth_and_decay, kennysheep_slug_shrine
D:3:      nicolae_overflow_hidden_temple, first_bread,
          hangedman_abyss_or_decor_lesser_grid
D:4:      corner_web_ring, minmay_misc_feat_alley, grunt_gozag_statues
D:5:      portal_sewer_entry_a
D:6:      kennysheep_okawaru_gauntlet, gammafunk_temple_overflow_elements,
          temple_statues, grunt_qazlal_clouds
Temple:   eino_wide_crystal_templ
Sewer:    sewer_co_tree

Skill      XL: |  1  2  3  4  5  6  7  8 |
---------------+-------------------------+-----
Fighting       | 1 3 4 5 6 7 8 |  8.4
Axes           | 1 3 4 5 7 |  7.7
Shields        | 1 3 4 5 |  5.5
Armour         | 2 |  2.1
Dodging        | |  1.5
Stealth        | |  1.5
Spellcasting   | |  1.5
Transmutations | |  0.6
Earth Magic    | |  3.0

Action                   |  1- 3 |  4- 6 |  7- 9 || total
-------------------------+-------+-------+-------++-------
Melee: Dagger            |    80 |       |   166 ||   246
       Hand axe          |       |    20 |    86 ||   106
 Fire: Hunting sling     |    26 |   174 |   152 ||   352
       Blowgun           |       |     8 |     7 ||    15
Throw: Javelin           |     2 |     5 |    15 ||    22
       Stone             |       |     1 |       ||     1
 Cast: Sandblast         |    20 |    72 |    67 ||   159
  Use: Potion            |       |     2 |     5 ||     7
       Scroll            |       |       |    15 ||    15
 Stab: Sleeping          |     2 |       |     1 ||     3
  Eat: Chunk             |     2 |    12 |    14 ||    28
       Royal jelly       |       |       |     1 ||     1
Armor: Robe              |    10 |    38 |    83 ||   131
Dodge: Dodged            |    48 |   106 |   183 ||   337
Block: Buckler           |       |    25 |    82 ||   107
